 Dungeon Crawl Stone Soup version 0.21.0 (webtiles) character file.

116657 HungrySpirit the Minotaur Blade (level 16, -22/169 HPs)
             Began as a Minotaur Gladiator on Jan 6, 2018.
             Was a High Priest of Wu Jian.
             Killed from afar by Nikola (25 damage)
             ... with a chain lightning
             ... on level 3 of the Swamp.
             The game lasted 01:30:42 (29046 turns).

HungrySpirit the Minotaur Blade (MiGl)             Turns: 29046, Time: 01:30:43

Health: -22/169    AC: 21    Str: 26    XL:     16   Next: 21%
Magic:  15/15      EV: 11    Int:  5    God:    Wu Jian [*****.]
Gold:   398        SH:  5    Dex: 17    Spells: 15/15 levels left

rFire    + . .     SeeInvis .   b - +1 long sword (elec)
rCold    + . .     Gourm    .   Q - +0 buckler {reflect}
rNeg     . . .     Faith    .   q - +2 plate armour {rC+}
rPois    +         Spirit   .   c - +0 hat
rElec    .         Reflect  +   (no cloak)
rCorr    .         Harm     .   l - +2 pair of gloves
MR       +....                  Y - +2 pair of boots
Stlth    ..........             K - amulet of Vitality {Regen+ HP+15}
HPRegen  0.78/turn              I - ring of protection from fire
MPRegen  0.14/turn              y - ring of poison resistance

@: mighty, flying, very slightly contaminated, hasted, studying Shields, very
heavily drained, invisible, very quick
A: retaliatory headbutt, horns 2
a: Wall Jump, Serpent's Lash, Heavenly Storm, Renounce Religion


You were on level 3 of the Swamp.
You worshipped Wu Jian.
Wu Jian was extremely pleased with you.
You were not hungry.

You visited 5 branches of the dungeon, and saw 27 of its levels.
You also visited: Labyrinth, Sewer and Ossuary.

You collected 2954 gold pieces.
You spent 2556 gold pieces at shops.

Inventory:

Hand Weapons
 b - a +1 long sword of electrocution (weapon)
 j - a +0 great sword
 r - a +3 scimitar of flaming
Missiles
 d - 5 throwing nets (quivered)
Armour
 c - a +0 hat (worn)
 l - a +2 pair of gloves (worn)
 q - a +2 plate armour of cold resistance (worn)
 Q - a +0 buckler of reflection (worn)
 Y - a +2 pair of boots (worn)
Jewellery
 u - an uncursed ring of protection from magic
 y - a ring of poison resistance (right hand)
 E - an uncursed ring of see invisible
 H - an uncursed ring of resist corrosion
 I - a ring of protection from fire (left hand)
 K - the amulet of Vitality (around neck) {Regen+ HP+15}
   (You bought it in a shop on level 2 of the Orcish Mines)

   [amulet of regeneration]

   It affects your health (+15).
   It increases your rate of regeneration.
Wands
 w - a wand of clouds (5)
 F - a wand of digging (34)
 R - a wand of disintegration (27)
Scrolls
 g - 14 scrolls of remove curse
 k - 15 scrolls of teleportation
 m - 5 scrolls of fog
 n - 2 scrolls of magic mapping
 p - 5 scrolls of noise
 s - 3 scrolls of blinking
 v - 10 scrolls of enchant weapon
 A - 2 scrolls of torment
 D - a scroll of holy word
 J - 3 scrolls of identify
 L - a scroll of brand weapon
 P - 5 scrolls of amnesia
 S - 3 scrolls of summoning
 U - a scroll of enchant armour
 V - a scroll of fear
 X - a scroll of silence
Potions
 a - 3 potions of might
 e - 3 potions of magic
 h - a potion of invisibility
 i - 2 potions of cancellation
 o - 22 potions of curing
 t - 2 potions of mutation
 x - 2 potions of lignification
 z - 5 potions of agility
 C - a potion of brilliance
 M - 4 potions of haste
 N - 4 potions of flight
Books
 Z - a manual of Shields
Comestibles
 f - 48 rations


   Skills:
 + Level 16.9(11.9) Fighting
 * Level 22.5(16.9) Long Blades
 - Level 2.0(0.0) Throwing
 + Level 11.8(7.2) Armour
 + Level 11.3(6.9) Dodging
 - Level 5.9(2.1) Shields


You had 15 spell levels left.
You didn't know any spells.

Dungeon Overview and Level Annotations

Branches:
Dungeon (15/15)            Temple (1/1) D:4            Lair (6/6) D:11
  Swamp (3/4) Lair:4        Snake (0/4) Lair:3        Slime (0/5) Lair:6
    Orc (2/2) D:12            Elf (0/3) Orc:2        Vaults (0/5) D:14
 Depths: D:15

Altars:
Ashenzari
Cheibriados
Dithmenos
Elyvilon
Fedhas
Gozag
Hepliaklqana
Kikubaaqudgha
Makhleb
Nemelex Xobeh
Okawaru
Qazlal
Ru
Sif Muna
Trog
Uskayaw
Vehumet
Wu Jian
Xom
Yredelemnul
Zin
The Shining One
Jiyva

Shops:
D:4 ?   D:8 [   D:9 *   D:11 !   D:13 (   Orc:2 :=*!

Annotations:
D:3 inmateoo's ghost, amateur DDFi
Lair:2 exclusion: oklob plant
Lair:6 exclusion: oklob plant
Swamp:3 Nikola


Innate Abilities, Weirdness & Mutations

You reflexively headbutt those who attack you in melee.
You have a pair of horns on your head.


Message History

Unknown command.
You hit Nikola.
Nikola is heavily wounded.
Nikola hits you but does no damage.
The shadow moves out of view.
Unknown command.
Unknown command.
You slash Nikola!
Nikola is heavily wounded.
Unknown command.
Unknown command.
You slash Nikola! You headbutt Nikola!
Nikola is severely wounded.
Nikola mumbles some strange words.
You hear a mighty clap of thunder!
The lightning arc hits you!
* * * LOW HITPOINT WARNING * * *
The lightning arc hits Nikola.
The lightning arc hits you!
* * * LOW HITPOINT WARNING * * *
The lightning arc hits Nikola.
The lightning arc hits you!
You die...

♣≈.≈....≈≈≈≈.≈♣.♣♣♣ ♣♣♣
♣♣.≈≈≈≈≈≈≈≈≈≈≈≈.♣ ♣♣♣♣♣♣.
♣.≈≈≈≈...≈≈≈≈≈.♣ .......
♣.≈≈≈.♣♣..≈≈≈≈≈♣♣.≈≈≈≈♣♣♣
♣..♣..♣♣♣♣≈.≈≈≈≈≈..≈p ♣
♣§♣♣≈♣♣ ♣♣.≈≈≈♣.≈≈ ♣♣♣ ♣♣
♣♣♣ ♣♣♣♣†..≈♣ ≈≈.≈♣♣≈♣
♣♣≈♣§♣♣♣♣♣ ≈≈≈♣≈≈≈ ♣@@.♣♣
≈≈≈≈≈≈ ...≈..≈≈≈≈≈♣ ≈≈≈≈≈
.≈.♣≈.≈≈≈≈≈≈..♣ ≈≈≈≈≈
..<≈♣.≈≈≈≈≈≈.♣♣ ♣♣≈§§
≈.....≈≈≈≈.≈≈♣ ♣♣♣♣♣§♣
.≈...≈≈≈≈≈≈≈≈.♣♣♣♣§§R§≈§
≈≈≈≈≈≈≈≈≈≈.≈≈♣♣§@§§§§§§§
...≈≈≈≈≈≈≈≈≈.♣♣♣R§§§§§§
≈≈≈≈≈.♣♣♣§§§≈≈≈≈


You could see Nikola.

Vanquished Creatures
  Kirke (Swamp:3)
  A thorn hunter (Swamp:3)
  An orc warlord (D:12)
  Louise (D:14)
  A very ugly thing (D:14)
  A vampire knight (D:14)
  A minotaur (Lab)
  The ghost of theanonym the Severer, a journeyman DDFi of Makhleb (Orc:1)
  7 hydras
  4 vault guards (D:14)
  Harold (Lair:2)
  4 catoblepae
  A centaur warrior (D:13)
  Erica (D:11)
  3 two-headed ogres
  A tengu warrior (D:14)
  7 alligators
  11 death yaks
  5 orc high priests (Orc:2)
  Nergalle (D:10)
  2 unseen horrors
  2 swamp dragons
  2 spriggan druids
  A wolf spider zombie (D:10)
  A wizard (Swamp:3)
  A lindwurm (Lair:6)
  2 shambling mangroves
  3 orc knights
  Pikel (D:7)
  3 ugly things
  A wolf spider (D:15)
  2 manticores (Lair:6)
  4 orc sorcerers
  4 cyclopes
  10 elephants
  5 black mambas
  Maurice (D:11)
  4 gargoyles
  16 spiny frogs
  14 rime drakes
  A yaktaur (shapeshifter) (D:13)
  2 efreet
  2 hellwings (D:10)
  A freezing wraith (D:14)
  7 komodo dragons
  A queen bee (D:10)
  Grinder (D:6)
  3 tyrant leeches
  8 trolls
  3 polar bears
  Prince Ribbit (D:8)
  9 hornets
  31 blink frogs
  12 slime creatures
  A blink frog (shapeshifter) (D:15)
  A meliai zombie (D:10)
  A bog body (Swamp:2)
  8 hippogriffs
  Sigmund (D:6)
  3 shadows
  46 yaks
  4 spriggans
  A wraith (D:14)
  2 hogs (Swamp:3)
  4 wyverns
  2 fire elementals (Lair:4)
  6 hungry ghosts
  4 basilisks
  10 steam dragons
  5 vampire mosquitoes
  Menkaure (D:6)
  2 wargs (Orc:1)
  A naga (Lair:3)
  15 swamp worms
  2 soldier ants
  7 porcupines
  9 water moccasins
  Duvessa (D:7)
  An ice beast (D:13)
  2 sky beasts
  2 slaves (D:7)
  3 swamp drakes
  30 orc warriors
  15 ogres
  A phantom (D:5)
  5 black bears
  3 wolves (Lair:6)
  A necrophage (D:8)
  A centaur (D:7)
  17 crocodiles
  2 big kobolds
  12 bullfrogs
  A gnoll sergeant (D:13)
  An elf zombie (Ossuary)
  Dowan (D:7)
  A wyvern skeleton (D:13)
  4 scorpions
  28 killer bees
  The ghost of dscm the Skirmisher, a weakling DsFi (D:4)
  A vampire bat (Lair:2)
  3 howler monkeys
  5 electric eels
  5 crimson imps
  4 bullfrog zombies
  4 centaur zombies
  6 hounds
  45 orc priests
  8 centaur skeletons
  4 jellies
  4 iguanas
  34 orc wizards
  14 worker ants
  Natasha (thrice) (D:3)
  A big kobold zombie (Ossuary)
  A hound zombie (D:9)
  2 mummies (Ossuary)
  A worker ant zombie (D:6)
  2 howler monkey skeletons
  A howler monkey zombie (D:11)
  9 gnolls
  29 adders
  9 shadow imps
  4 oozes
  An adder zombie (D:7)
  2 adder skeletons
  6 worms
  3 dart slugs
  4 leopard geckos
  109 orcs
  6 giant cockroaches
  5 gnoll zombies (Ossuary)
  7 goblins
  12 hobgoblins
  6 jackals
  9 quokkas
  4 ball pythons
  15 bats
  3 frilled lizards
  4 goblin zombies (Ossuary)
  A hobgoblin zombie (Ossuary)
  15 kobolds
  2 leopard gecko skeletons (D:4)
  2 orc zombies (Ossuary)
  9 rats
  2 briar patches (Swamp:3)
  A fungus (Lair:5)
  A plant (Lair:5)
912 creatures vanquished.

Vanquished Creatures (others)
  A rime drake (Lair:6)
  A slave (D:7)
  2 water elementals (D:14)
  4 humans (Swamp:3)
  A hungry ghost (D:7)
  A steam dragon (Lair:6)
  A centaur (D:7)
  A hound (D:7)
  13 fungi
  43 plants
  3 withered plants (D:10)
71 creatures vanquished.

Grand Total: 983 creatures vanquished

Notes
Turn   | Place    | Note
-------+----------+-------------------------------------------
     0 | D:1      | HungrySpirit the Minotaur Gladiator began the quest for the Orb.
     0 | D:1      | Reached XP level 1. HP: 18/18 MP: 0/0
    46 | D:1      | Reached skill level 4 in Long Blades
   161 | D:1      | Reached XP level 2. HP: 20/25 MP: 1/1
   538 | D:1      | Reached XP level 3. HP: 28/31 MP: 2/2
  1198 | D:2      | Reached skill level 5 in Long Blades
  1293 | D:2      | Found a sacrificial altar of Ru.
  1490 | D:2      | Reached XP level 4. HP: 38/39 MP: 3/3
  1553 | D:3      | Noticed inmateoo's ghost (amateur DDFi)
  2001 | D:3      | Noticed Natasha
  2011 | D:3      | Killed Natasha
  2011 | D:3      | Reached skill level 6 in Long Blades
  2194 | D:3      | Reached XP level 5. HP: 36/46 MP: 4/4
  2564 | D:3      | Noticed Natasha
  2567 | D:3      | Killed Natasha
  2715 | D:3      | Noticed Natasha
  2727 | D:3      | Killed Natasha
  3049 | D:2      | Found a snail-covered altar of Cheibriados.
  3498 | D:4      | Found a staircase to the Ecumenical Temple.
  3500 | D:4      | Noticed a two-headed ogre
  3529 | D:4      | Found a glowing drain.
  3581 | Sewer    | Entered a sewer
  3787 | Sewer    | Reached skill level 7 in Long Blades
  3871 | Sewer    | Reached XP level 6. HP: 53/53 MP: 5/5
  4010 | Sewer    | Reached skill level 5 in Fighting
  4105 | Temple   | Entered the Ecumenical Temple
  4503 | D:4      | Reached skill level 8 in Long Blades
  4714 | D:4      | Found a shattered altar of Ashenzari.
  4796 | D:4      | Killed a two-headed ogre
  4796 | D:4      | Reached skill level 10 in Long Blades
  4796 | D:4      | Reached XP level 7. HP: 66/66 MP: 6/6
  4796 | D:4      | Reached XP level 8. HP: 73/73 MP: 7/7
  4874 | D:4      | Found Cipt's Magic Scroll Shop.
  4878 | D:4      | Bought a scroll of teleportation for 33 gold pieces
  4878 | D:4      | Bought a scroll of blinking for 82 gold pieces
  4878 | D:4      | Bought a scroll of identify for 22 gold pieces
  4878 | D:4      | Bought a scroll of enchant weapon for 82 gold pieces
  4924 | D:4      | Noticed dscm's ghost (weakling DsFi)
  4933 | D:4      | Killed dscm's ghost
  5078 | D:4      | Found a deep blue altar of Sif Muna.
  5091 | D:4      | Found a shattered altar of Ashenzari.
  5208 | D:4      | You fall through a shaft!
  5208 | D:5      | Entered Level 5 of the Dungeon
  5220 | D:5      | Found a hazy altar of Hepliaklqana.
  5296 | D:5      | Reached skill level 11 in Long Blades
  5428 | D:5      | Found a sand-covered staircase.
  5433 | Ossuary  | Entered an ossuary
  6123 | D:5      | Reached XP level 9. HP: 82/82 MP: 8/8
  6193 | D:5      | Found a bloodstained altar of Trog.
  6360 | D:6      | Noticed Sigmund
  6371 | D:6      | Killed Sigmund
  6371 | D:6      | Reached skill level 12 in Long Blades
  6434 | D:6      | Found an iron altar of Okawaru.
  6467 | D:6      | Noticed Grinder
  6489 | D:6      | Killed Grinder
  6717 | D:6      | Found an ornate altar of the Wu Jian Council.
  6798 | D:6      | Became a worshipper of the Wu Jian Council
  6839 | D:6      | Noticed Menkaure
  7259 | D:6      | Reached skill level 13 in Long Blades
  7313 | D:6      | Killed Menkaure
  7565 | D:6      | Found an ornate altar of the Wu Jian Council.
  7874 | D:7      | Found a basalt altar of Yredelemnul.
  7878 | D:7      | Reached * piety under Wu Jian
  7959 | D:7      | Reached skill level 10 in Fighting
  8043 | D:7      | Noticed Pikel
  8051 | D:7      | Killed Pikel
  8051 | D:7      | Reached XP level 10. HP: 86/93 MP: 9/9
  8104 | D:7      | Found a white marble altar of Elyvilon.
  8117 | D:7      | Reached skill level 14 in Long Blades
  8261 | D:7      | Found Zin's Purification Station.
  8264 | D:7      | Found a glowing silver altar of Zin.
  8269 | D:7      | Bought a potion of curing for 90 gold pieces
  8616 | D:7      | Noticed Duvessa
  8624 | D:7      | Killed Duvessa
  8655 | D:7      | Noticed Dowan
  8757 | D:7      | Killed Dowan
  9079 | D:8      | Reached ** piety under Wu Jian
  9109 | D:8      | Found Hiptef's Antique Armour Shoppe.
  9118 | D:8      | Bought a pair of glowing gloves for 180 gold pieces
  9471 | D:8      | Found an ancient bone altar of Kikubaaqudgha.
  9475 | D:8      | Noticed Prince Ribbit
  9481 | D:8      | Killed Prince Ribbit
  9915 | D:9      | Found Gozag's Platinum Reserve.
  9969 | D:9      | Noticed a brown ugly thing
  9980 | D:9      | Killed a brown ugly thing
  9980 | D:9      | Reached skill level 15 in Long Blades
 10041 | D:9      | Found a burning altar of Makhleb.
 10079 | D:9      | Found an opulent altar of Gozag.
 10632 | D:10     | Entered Level 10 of the Dungeon
 10632 | D:10     | Noticed Nergalle
 10680 | D:10     | Noticed a gargoyle
 10748 | D:10     | Killed a gargoyle
 10824 | D:10     | Reached XP level 11. HP: 70/104 MP: 10/10
 10875 | D:10     | Reached skill level 16 in Long Blades
 11062 | D:10     | Killed Nergalle
 11227 | D:10     | Reached *** piety under Wu Jian
 11768 | D:11     | Found a staircase to the Lair.
 11789 | D:11     | Reached skill level 17 in Long Blades
 12028 | D:11     | Found Pueh's Distillery.
 12036 | D:11     | Noticed Maurice
 12043 | D:11     | Killed Maurice
 12064 | D:11     | Killed an unseen horror
 12215 | D:11     | Bought a potion of haste for 130 gold pieces
 12215 | D:11     | Bought a potion of flight for 39 gold pieces
 12647 | D:11     | Noticed Erica
 12659 | D:11     | Killed Erica
 12874 | Lair:1   | Entered Level 1 of the Lair of Beasts
 12886 | Lair:1   | Reached XP level 12. HP: 115/115 MP: 11/11
 13010 | Lair:1   | Noticed a four-headed hydra
 13015 | Lair:1   | Reached skill level 18 in Long Blades
 13020 | Lair:1   | Killed a one-headed hydra
 13020 | Lair:1   | Reached skill level 1 in Armour
 13405 | Lair:1   | Noticed a seven-headed hydra
 13411 | Lair:1   | Killed a two-headed hydra
 13929 | Lair:2   | Reached **** piety under Wu Jian
 13931 | Lair:2   | Reached skill level 1 in Shields
 14034 | Lair:2   | Noticed Harold
 14050 | Lair:2   | Killed Harold
 14531 | Lair:2   | Reached skill level 5 in Dodging
 15370 | Lair:3   | Found a staircase to the Snake Pit.
 15418 | Lair:3   | Reached skill level 5 in Shields
 15490 | Lair:3   | Reached XP level 13. HP: 108/124 MP: 12/12
 15492 | Lair:3   | Reached skill level 5 in Armour
 16109 | Lair:4   | Reached skill level 19 in Long Blades
 16505 | Lair:4   | Reached ***** piety under Wu Jian
 16569 | Lair:4   | Found a staircase to the Swamp.
 17843 | Lair:6   | Entered Level 6 of the Lair of Beasts
 18072 | Lair:6   | Found a viscous altar of Jiyva.
 18073 | Lair:6   | Found a staircase to the Slime Pits.
 18165 | Lair:6   | Reached skill level 20 in Long Blades
 18188 | Lair:6   | Reached XP level 14. HP: 62/133 MP: 13/13
 18206 | Lair:6   | Reached skill level 15 in Fighting
 19258 | Lair:6   | Got a dazzling ring mail
 19259 | Lair:6   | Identified the +0 ring mail "Hauh" {*Corrode rC++ Dex+4} (You found it on level 6 of the Lair of Beasts)
 20176 | D:12     | Found a staircase to the Orcish Mines.
 20265 | D:12     | Found a sacrificial altar of Ru.
 20683 | D:12     | Got a faintly glowing falchion
 20710 | D:13     | Identified the +6 falchion "Anlefeo" {slice, *Corrode rC+ Str+2 Stlth+} (You found it on level 12 of the Dungeon)
 20734 | D:13     | Found a labyrinth entrance.
 20754 | Lab      | Entered a labyrinth
 21506 | Lab      | Identified Sif Muna's Papyrus of Hexes
 21687 | D:13     | Reached skill level 21 in Long Blades
 21942 | D:13     | Reached ****** piety under Wu Jian
 22176 | D:13     | Found Micvin's Weapon Shop.
 22352 | Orc:1    | Entered Level 1 of the Orcish Mines
 22357 | Orc:1    | Noticed theanonym's ghost (journeyman DDFi)
 22517 | Orc:1    | Killed theanonym's ghost
 22640 | Orc:1    | Noticed an orc warlord
 22759 | D:12     | Killed an orc warlord
 22759 | D:12     | Reached XP level 15. HP: 47/143 MP: 14/14
 23297 | Orc:2    | Entered Level 2 of the Orcish Mines
 23303 | Orc:2    | Reached skill level 10 in Armour
 23694 | Orc:2    | Reached skill level 10 in Dodging
 23710 | Orc:2    | Found Nesarph's Assorted Antiques.
 23710 | Orc:2    | Found Olaurufa's Distillery.
 23710 | Orc:2    | Found Ucruwkakh's Jewellery Emporium.
 23713 | Orc:2    | Found Atomyg's Book Emporium.
 23723 | Orc:2    | Bought a potion of invisibility for 104 gold pieces
 23724 | Orc:2    | Bought the amulet of Vitality {Regen+ HP+15} for 948 gold pieces
 23724 | Orc:2    | Found the amulet of Vitality {Regen+ HP+15}
 23850 | Orc:2    | Found a staircase to the Elven Halls.
 24163 | Orc:2    | Bought an uncursed ring of protection from fire for 300 gold pieces
 24170 | Orc:2    | Bought a potion of curing for 39 gold pieces
 24170 | Orc:2    | Bought 2 potions of curing for 78 gold pieces
 24170 | Orc:2    | Bought a potion of heal wounds for 65 gold pieces
 24170 | Orc:2    | Bought a potion of heal wounds for 65 gold pieces
 24170 | Orc:2    | Bought a potion of heal wounds for 65 gold pieces
 24170 | Orc:2    | Bought a potion of haste for 130 gold pieces
 24170 | Orc:2    | Bought a potion of magic for 104 gold pieces
 25086 | D:14     | Found a gate to the Vaults.
 25580 | D:14     | Noticed Louise
 25605 | D:14     | Killed Louise
 25886 | D:15     | Entered Level 15 of the Dungeon
 26162 | Swamp:1  | Entered Level 1 of the Swamp
 26167 | Swamp:1  | Reached skill level 22 in Long Blades
 26594 | Swamp:1  | Paralysed by a hornet for 2 turns
 27741 | Swamp:2  | Reached XP level 16. HP: 152/152 MP: 15/15
 28170 | Swamp:3  | Noticed Kirke
 28185 | Swamp:3  | Killed Kirke
 28342 | Swamp:3  | Noticed a thorn hunter
 28361 | Swamp:3  | Killed a thorn hunter
 28683 | Swamp:3  | Noticed Mara
 28685 | Swamp:3  | Noticed Nikola
 28694 | Swamp:3  | Noticed HungrySpirit's illusion
 29046 | Swamp:3  | HP: 3/169 [Nikola/chain lightning (25)]
 29046 | Swamp:3  | Killed from afar by Nikola

Skill      XL: |  1  2  3  4  5  6  7  8  9 10 11 12 13 14 15 |
---------------+----------------------------------------------+-----
Long Blades    | 4 5 6 7 10 11 13 15 17 18 20 21 22 | 22.5
Fighting       | 3 4 7 8 10 11 13 14 15 16 | 16.9
Armour         | 4 7 9 11 | 11.8
Dodging        | 5 7 9 11 | 11.3
Shields        | 5 |  5.9
Throwing       | |  2.0

Action                   |  1- 3 |  4- 6 |  7- 9 | 10-12 | 13-15 | 16-18 || total
-------------------------+-------+-------+-------+-------+-------+-------++-------
Melee: Long sword        |    84 |   183 |   270 |   791 |  1718 |   155 ||  3201
       Headbutt          |    12 |    27 |    55 |   181 |   449 |    44 ||   768
       Scimitar          |       |       |       |    21 |   107 |     3 ||   131
Invok: Whirlwind         |       |       |     9 |   308 |   584 |    19 ||   920
       Lunge             |       |       |     8 |    64 |    93 |     4 ||   169
       Wall Jump         |       |       |       |    20 |   166 |     6 ||   192
       Serpent's Lash    |       |       |       |     6 |     7 |     2 ||    15
       Heavenly Storm    |       |       |       |       |     2 |     1 ||     3
Evoke: Wand              |       |     4 |     1 |       |    12 |       ||    17
  Use: Scroll            |       |     5 |     3 |     8 |    14 |     5 ||    35
       Potion            |       |     3 |       |     2 |     4 |    11 ||    20
 Stab: Distracted        |       |       |       |     2 |       |       ||     2
       Fleeing           |       |       |       |     1 |       |       ||     1
       Confused          |       |       |       |       |     1 |       ||     1
  Eat: Chunk             |     2 |     7 |     7 |    21 |    31 |     1 ||    69
       Ration            |       |     1 |     1 |     1 |     5 |     1 ||     9
Armor: Leather armour    |     7 |       |       |       |       |       ||     7
       Plate armour      |    55 |   119 |   105 |   334 |   561 |    52 ||  1226
       Skin              |       |       |       |    27 |       |       ||    27
Dodge: Dodged            |    38 |    67 |    65 |   169 |   551 |    43 ||   933
Block: Buckler           |       |       |       |    40 |   288 |    23 ||   351
       Reflection        |       |       |       |     1 |     4 |       ||     5
       Rpst.: Long sword |    12 |    14 |    15 |    33 |   124 |    10 ||   208
       Scimitar          |       |       |       |     1 |    10 |       ||    11
